 Dungeon Crawl Stone Soup version 0.20.1-1-g8b1a95d (webtiles) character file.

42 mastercheaf21 the Digger (level 3, -2/19 HPs)
             Began as a Gargoyle Earth Elementalist on Nov 8, 2017.
             Slain by a goblin (3 damage)
             ... led by Robin
             ... on level 2 of the Dungeon.
             The game lasted 00:09:56 (1486 turns).

mastercheaf21 the Digger (GrEE)                     Turns: 1486, Time: 00:09:57

Health: -2/19      AC:  5    Str: 11    XL:     3   Next: 56%
Magic:  5/6        EV: 12    Int: 16    God:
Gold:   38         SH:  0    Dex: 10    Spells: 6/7 levels left

rFire    . . .     SeeInvis .   a - +0 short sword
rCold    . . .     Gourm    .   (no shield)
rNeg     + . .     Faith    .   c - +0 robe
rPois    ∞         Spirit   .   (no helmet)
rElec    +         Reflect  .   (no cloak)
rCorr    .         Harm     .   (no gloves)
MR       .....                  (no boots)
Stlth    ++........             (no amulet)
Regen    0.1/turn               (no ring)
MPRegen  0.1/turn               (no ring)

@: no status effects
A: negative energy resistance 1, electricity resistance, unbreathing,
petrification resistance, rot immunity, AC +3
a: no special abilities


You were on level 2 of the Dungeon.
You were not hungry.

You visited 1 branch of the dungeon, and saw 2 of its levels.

You collected 38 gold pieces.

Inventory:

Hand Weapons
 a - a +0 short sword (weapon)
Missiles
 b - 55 stones
 h - 2 tomahawks of returning (quivered)
Armour
 c - a +0 robe (worn)
Scrolls
 f - a scroll of fog {unknown}
 g - 2 scrolls of identify {unknown}
 k - a scroll of magic mapping {unknown}
 o - a scroll of recharging {unknown}
Potions
 i - 2 potions of curing {unknown}
 j - a potion of ambrosia {unknown}
 m - 2 potions of heal wounds {unknown}
 n - a potion of degeneration {unknown}
Books
 e - a book of Geomancy

   Spells                             Type                      Level
   a - Sandblast                      Earth                        1
   b - Passwall                       Transmutation/Earth          2
   c - Stone Arrow                    Conjuration/Earth            3
   d - Petrify                        Transmutation/Earth          4
   e - Lee's Rapid Deconstruction     Earth                        5
Comestibles
 d - a bread ration
 l - a royal jelly


   Skills:
 - Level 1.7 Dodging
 - Level 2.1 Stealth
 * Level 2.5 Spellcasting
   Level 0.7 Transmutations
 + Level 4.8 Earth Magic


You had 6 spell levels left.
You knew the following spells:

 Your Spells              Type           Power        Failure   Level  Hunger
a - Sandblast             Erth           ###...       2%          1    #......


Dungeon Overview and Level Annotations

Branches:
Dungeon (2/15)

Altars:

Annotations:
D:2 Robin


Innate Abilities, Weirdness & Mutations

You are resistant to torment.
Your stone body is resilient. (AC +3)
You are immune to poison.
You resist negative energy. (rN+)
You are resistant to electric shocks. (rElec)
You can survive without breathing.
You are immune to petrification.
You are immune to rotting.


Message History

The goblin misses you. The goblin hits you but does no damage.
The goblin hits you. The goblin hits you but does no damage.
Robin roars a battlecry!
The goblins go into a battle-frenzy!
The goblin hits you with a club.
* * * LOW HITPOINT WARNING * * *
You barely miss the goblin. The goblin closely misses you.
The goblin barely misses you. The goblin misses you.
The goblin hits you but does no damage. The goblin misses you.
The goblin closely misses you.
You closely miss the goblin. The goblin completely misses you.
The goblin closely misses you. x2; The goblin barely misses you.
The goblin hits you.
* * * LOW HITPOINT WARNING * * *
The goblin hits you.
* * * LOW HITPOINT WARNING * * *
You hit the goblin.
The goblin is moderately wounded.
The goblin hits you.
You die...

+# ########g#
#....gg@g#
#.###g#ggg.....
...#rg.#####
........).#
#.##g........ #
##.##..#### #.
..# .. ...


You could see Robin, a hobgoblin, 7 goblins and a rat.

Vanquished Creatures
  An ooze (D:1)
  A worm (D:1)
  A dart slug (D:1)
  2 leopard geckos (D:1)
  A giant cockroach (D:1)
  5 goblins
  2 hobgoblins (D:1)
  6 jackals (D:1)
  7 kobolds (D:1)
26 creatures vanquished.

Notes
Turn   | Place    | Note
-------+----------+-------------------------------------------
     0 | D:1      | mastercheaf21 the Gargoyle Earth Elementalist began the quest for the Orb.
     0 | D:1      | Reached XP level 1. HP: 10/10 MP: 3/3
   320 | D:1      | Reached skill level 4 in Earth Magic
   372 | D:1      | Reached XP level 2. HP: 15/15 MP: 5/5
   801 | D:1      | Reached XP level 3. HP: 6/19 MP: 0/6
  1473 | D:2      | Noticed Robin
  1486 | D:2      | Slain by a goblin

Skill      XL: |  1 |
---------------+----+-----
Earth Magic    | 4 |  4.8
Dodging        | |  1.7
Stealth        | |  2.1
Spellcasting   | |  2.5
Transmutations | |  0.7

Action                   || total
-------------------------++-------
Melee: Short sword       ||    57
 Cast: Sandblast         ||    25
 Stab: Sleeping          ||     1
  Eat: Chunk             ||     2
Armor: Robe              ||    34
Dodge: Dodged            ||    52
